| TOP OF THE 1ST |
|
Vancouver Canadians batting - Pitching for Aberdeen Ironbirds : LHP Lawson Noseworthy
|
|
Pitching: LHP Lawson Noseworthy
|
|
|
Batting: RHB Jose Ontiveros
|
0-0: Ball 1-0: Called Strike 1-1: Ball 2-1: Swinging Strike 2-2: Ball 3-2: Foul Ball, location: 2F 3-2: Foul Ball, location: 2F 3-2: Fly out, F8 (Flyball, 8LM, EV 90.6 MPH)
|
|
Batting: RHB Akira Kubo
|
0-0: Called Strike 0-1: Ground out 5-3 (Groundball, 5, EV 100.6 MPH)
|
|
Batting: RHB Terry Plumley
|
0-0: Foul Ball, location: 2F 0-1: Ball 1-1: Swinging Strike 1-2: Ball 2-2: Ball 3-2: SINGLE (Groundball, 6M, EV 110.6 MPH)
|
|
Batting: RHB Selam Chimsima
|
0-0: Ball 1-0: Foul Ball, location: 2F 1-1: Foul Ball, location: 2F 1-2: 2-RUN HOME RUN (Flyball, 7LD, EV 96.9 MPH), Distance : 398 ft
|
|
Batting: RHB Jorge Cruz
|
0-0: Ball 1-0: DOUBLE (Flyball, 9LD, EV 111.9 MPH)
|
|
Batting: RHB John Rios
|
0-0: Foul Ball, location: 2F 0-1: Foul Ball, location: 2F 0-2: Foul Ball, location: 2F 0-2: Ground out 6-3 (Groundball, 6, EV 100.6 MPH)
|
| Top of the 1st over - 2 runs, 3 hits, 0 errors, 1 left on base; Vancouver 2 - Aberdeen 0 |
| BOTTOM OF THE 1ST |
|
Aberdeen Ironbirds batting - Pitching for Vancouver Canadians : RHP David Tooley
|
|
Pitching: RHP David Tooley
|
|
|
Batting: LHB Chris Cohen
|
0-0: Called Strike 0-1: Swinging Strike 0-2: Ball 1-2: Strikes out swinging
|
|
Batting: RHB Dou-wan Pan
|
0-0: Called Strike 0-1: Ball 1-1: Foul Ball, location: 2F 1-2: Strikes out swinging
|
|
Batting: SHB Carlos Carrillo
|
0-0: Called Strike 0-1: Swinging Strike 0-2: Ball 1-2: SOLO HOME RUN (Flyball, 7D, EV 109.4 MPH), Distance : 400 ft
|
|
Batting: RHB C.J. Wells
|
0-0: Ball 1-0: Ball 2-0: Called Strike 2-1: Foul Ball, location: 2F 2-2: Ball 3-2: Foul Ball, location: 2F 3-2: Foul Ball, location: 2F 3-2: Strikes out swinging, 2-3 out at first.
|
| Bottom of the 1st over - 1 run, 1 hit, 0 errors, 0 left on base; Vancouver 2 - Aberdeen 1 |
| TOP OF THE 2ND |
|
Vancouver Canadians batting - Pitching for Aberdeen Ironbirds : LHP Lawson Noseworthy
|
|
Batting: RHB Bobby Roldan
|
0-0: Ball 1-0: Called Strike 1-1: SINGLE (Groundball, 5D, EV 97.5 MPH)
|
|
Batting: LHB Ron de Vos
|
0-0: Ball 1-0: Called Strike 1-1: Ball 2-1: Called Strike 2-2: Foul Ball, location: 2F 2-2: Ground out 4-3 (Groundball, 34S, EV 76.9 MPH) Bobby Roldan to second
|
|
Batting: RHB Jorge Alva
|
0-0: Called Strike 0-1: Ball 1-1: Foul Ball, location: 2F 1-2: Fly out, F8 (Flyball, 8RD, EV 96.9 MPH)
|
|
Batting: RHB Jose Ontiveros
|
0-0: Swinging Strike 0-1: SINGLE (Line Drive, 8LS, EV 98.1 MPH) Bobby Roldan to third
|
|
Batting: RHB Akira Kubo
|
0-0: Ball 1-0: Ball Wild Pitch! Bobby Roldan scores Jose Ontiveros to second 2-0: Fly out, F8 (Line Drive, 8RM, EV 109.4 MPH)
|
| Top of the 2nd over - 1 run, 2 hits, 0 errors, 1 left on base; Vancouver 3 - Aberdeen 1 |
| BOTTOM OF THE 2ND |
|
Aberdeen Ironbirds batting - Pitching for Vancouver Canadians : RHP David Tooley
|
|
Batting: LHB Xue-liang Zhou
|
0-0: SINGLE (Groundball, 6MS, EV 85.6 MPH) (infield hit)
|
|
Batting: LHB Robert Ortiz
|
0-0: Called Strike 0-1: Foul Ball, location: 2F 0-2: Foul Ball, location: 2F 0-2: Strikes out looking
|
|
Batting: LHB Taylor Plummer
|
0-0: Ball 1-0: Called Strike 1-1: Fielders Choice at 2nd, 4-6 (Groundball, 4, EV 85.0 MPH)
|
|
Batting: RHB Jeff Parlo
|
0-0: Called Strike 0-1: Swinging Strike 0-2: Strikes out swinging
|
| Bottom of the 2nd over - 0 runs, 1 hit, 0 errors, 1 left on base; Vancouver 3 - Aberdeen 1 |
| TOP OF THE 3RD |
|
Vancouver Canadians batting - Pitching for Aberdeen Ironbirds : LHP Lawson Noseworthy
|
|
Batting: RHB Terry Plumley
|
0-0: Called Strike 0-1: Called Strike 0-2: Ball 1-2: Foul Ball, location: 2F 1-2: Ball 2-2: Foul Ball, location: 2F 2-2: Hit by Pitch
|
|
Batting: RHB Selam Chimsima
|
0-0: Fly out, F8 (Flyball, 8RM, EV 89.4 MPH)
|
|
Batting: RHB Jorge Cruz
|
0-0: Foul Ball, location: 2F 0-1: Fielders Choice at 2nd, 4-6 (Groundball, 4, EV 81.9 MPH)
|
|
Batting: RHB John Rios
|
0-0: Called Strike Jorge Cruz is caught stealing 2nd base 2-4
|
| Top of the 3rd over - 0 runs, 0 hits, 0 errors, 0 left on base; Vancouver 3 - Aberdeen 1 |
| BOTTOM OF THE 3RD |
|
Aberdeen Ironbirds batting - Pitching for Vancouver Canadians : RHP David Tooley
|
|
Batting: RHB Willie Carmona
|
0-0: Ball 1-0: Ball 2-0: Called Strike 2-1: Swinging Strike 2-2: Foul Ball, location: 2F 2-2: Ball 3-2: Strikes out swinging
|
|
Batting: LHB Chris Cohen
|
0-0: Swinging Strike 0-1: Ball 1-1: Called Strike 1-2: Ball 2-2: Ball 3-2: Strikes out swinging, 2-3 out at first.
|
|
Batting: RHB Dou-wan Pan
|
0-0: Called Strike 0-1: Ball 1-1: Foul Ball, location: 2F 1-2: Ball 2-2: Foul Ball, location: 2F 2-2: Ball 3-2: SINGLE (Groundball, P, EV 88.8 MPH) (infield hit)
|
|
Batting: SHB Carlos Carrillo
|
0-0: Ball 1-0: Ball 2-0: Called Strike 2-1: Swinging Strike 2-2: SINGLE (Line Drive, 9S, EV 95.6 MPH) Dou-wan Pan to second Runner from 2nd tries for 3rd, SAFE, throw by RF made to third
|
|
Batting: RHB C.J. Wells
|
0-0: SINGLE (Line Drive, 89S, EV 92.5 MPH) Dou-wan Pan scores Carlos Carrillo to second Runner from 2nd tries for 3rd, SAFE, throw by RF made to third
|
|
Batting: LHB Xue-liang Zhou
|
0-0: Called Strike 0-1: SINGLE (Line Drive, 6D, EV 94.4 MPH) Carlos Carrillo scores C.J. Wells to second
|
|
Batting: LHB Robert Ortiz
|
0-0: Called Strike 0-1: Foul Ball, location: 2F 0-2: Ball 1-2: Ball 2-2: Strikes out swinging
|
| Bottom of the 3rd over - 2 runs, 4 hits, 0 errors, 2 left on base; Vancouver 3 - Aberdeen 3 |
| TOP OF THE 4TH |
|
Vancouver Canadians batting - Pitching for Aberdeen Ironbirds : LHP Lawson Noseworthy
|
|
Batting: RHB John Rios
|
0-0: Ball 1-0: SINGLE (Line Drive, 5D, EV 100.0 MPH)
|
|
Batting: RHB Bobby Roldan
|
0-0: Ball 1-0: Foul Ball, location: 2F 1-1: Foul Ball, location: 2F 1-2: DOUBLE (Flyball, 7LD, EV 94.4 MPH) John Rios to third
|
|
Batting: LHB Ron de Vos
|
0-0: DOUBLE (Line Drive, 89M, EV 89.4 MPH) John Rios scores Bobby Roldan scores
|
|
Pitching: RHP Dave Patenaude
|
|
|
Batting: RHB Jorge Alva
|
0-0: Called Strike 0-1: Swinging Strike 0-2: Foul Ball, location: 2F 0-2: Ball 1-2: Strikes out swinging
|
|
Batting: RHB Jose Ontiveros
|
0-0: Ball 1-0: Ball 2-0: Foul Ball, location: 2F 2-1: Fly out, F9 (Flyball, 9D, EV 106.2 MPH) Runner from 2nd tags up, SAFE at 3rd, no throw by RF
|
|
Batting: RHB Akira Kubo
|
0-0: SINGLE (Line Drive, 4MD, EV 96.9 MPH) Ron de Vos scores
|
|
Batting: RHB Terry Plumley
|
0-0: Foul Ball, location: 2F 0-1: Swinging Strike 0-2: SINGLE (Line Drive, 7LS, EV 104.4 MPH) Akira Kubo to second Akira Kubo to third
|
|
Batting: RHB Selam Chimsima
|
0-0: Called Strike 0-1: Ball 1-1: Called Strike 1-2: SINGLE (Groundball, 4MD, EV 98.8 MPH) Akira Kubo scores Terry Plumley to second
|
|
Batting: RHB Jorge Cruz
|
0-0: Swinging Strike 0-1: Foul Ball, location: 2F 0-2: Strikes out swinging
|
| Top of the 4th over - 4 runs, 6 hits, 0 errors, 2 left on base; Vancouver 7 - Aberdeen 3 |
| BOTTOM OF THE 4TH |
|
Aberdeen Ironbirds batting - Pitching for Vancouver Canadians : RHP David Tooley
|
|
Batting: LHB Taylor Plummer
|
0-0: Ball 1-0: DOUBLE (Line Drive, 78M, EV 101.2 MPH)
|
|
Batting: RHB Jeff Parlo
|
0-0: Ball 1-0: Ball 2-0: Ball 3-0: Called Strike 3-1: Foul Ball, location: 2F 3-2: Foul Ball, location: 2F 3-2: Strikes out looking
|
|
Batting: RHB Willie Carmona
|
0-0: Fly out, F8 (Flyball, 8LD, EV 101.9 MPH)
|
|
Batting: LHB Chris Cohen
|
0-0: Foul Ball, location: 2F 0-1: Ball 1-1: Ball 2-1: Ball 3-1: Base on Balls
|
|
Batting: RHB Dou-wan Pan
|
0-0: Called Strike 0-1: Foul Ball, location: 2F 0-2: Ball 1-2: Foul Ball, location: 2F 1-2: Strikes out swinging, 2-3 out at first.
|
| Bottom of the 4th over - 0 runs, 1 hit, 0 errors, 2 left on base; Vancouver 7 - Aberdeen 3 |
| TOP OF THE 5TH |
|
Vancouver Canadians batting - Pitching for Aberdeen Ironbirds : RHP Dave Patenaude
|
|
Batting: RHB John Rios
|
0-0: Ball 1-0: Swinging Strike 1-1: Foul Ball, location: 2F 1-2: Foul Ball, location: 2F 1-2: Ball 2-2: Ground out 6-3 (Groundball, 6M, EV 84.4 MPH)
|
|
Batting: RHB Bobby Roldan
|
0-0: Called Strike 0-1: Swinging Strike 0-2: Ball 1-2: Ball 2-2: Fly out, F9 (Flyball, 9, EV 91.9 MPH)
|
|
Batting: LHB Ron de Vos
|
0-0: Called Strike 0-1: Foul Ball, location: 2F 0-2: Ball 1-2: Strikes out looking
|
| Top of the 5th over - 0 runs, 0 hits, 0 errors, 0 left on base; Vancouver 7 - Aberdeen 3 |
| BOTTOM OF THE 5TH |
|
Aberdeen Ironbirds batting - Pitching for Vancouver Canadians : RHP David Tooley
|
|
Batting: SHB Carlos Carrillo
|
0-0: Ground out 4-3 (Groundball, 34D, EV 103.1 MPH)
|
|
Batting: RHB C.J. Wells
|
0-0: Ball 1-0: Foul Ball, location: 2F 1-1: Ground out 6-3 (Groundball, 6, EV 90.6 MPH)
|
|
Batting: LHB Xue-liang Zhou
|
0-0: Ball 1-0: Ball 2-0: Ball 3-0: Called Strike 3-1: Called Strike 3-2: Strikes out swinging
|
| Bottom of the 5th over - 0 runs, 0 hits, 0 errors, 0 left on base; Vancouver 7 - Aberdeen 3 |
| TOP OF THE 6TH |
|
Vancouver Canadians batting - Pitching for Aberdeen Ironbirds : RHP Dave Patenaude
|
|
Batting: RHB Jorge Alva
|
0-0: Ball 1-0: SINGLE (Groundball, 6D, EV 104.4 MPH)
|
|
Batting: RHB Jose Ontiveros
|
0-0: Ball Jorge Alva is caught stealing 2nd base 2-4 1-0: Ball 2-0: Ball 3-0: Called Strike 3-1: Base on Balls
|
|
Batting: RHB Akira Kubo
|
0-0: Ball Jose Ontiveros steals 2nd base 1-0: Ball 2-0: Ball 3-0: Base on Balls
|
|
Pitching: RHP Craig Painter
|
|
|
Batting: RHB Terry Plumley
|
0-0: Ball 1-0: Ball 2-0: Ball 3-0: Base on Balls Jose Ontiveros to third Akira Kubo to second
|
|
Batting: RHB Selam Chimsima
|
0-0: Ball 1-0: Foul Ball, location: 2F 1-1: Ball 2-1: Ball 3-1: Foul Ball, location: 2F 3-2: Strikes out swinging
|
|
Batting: RHB Jorge Cruz
|
0-0: Called Strike 0-1: Ball 1-1: Called Strike 1-2: Strikes out swinging
|
| Top of the 6th over - 0 runs, 1 hit, 0 errors, 3 left on base; Vancouver 7 - Aberdeen 3 |
| BOTTOM OF THE 6TH |
|
Aberdeen Ironbirds batting - Pitching for Vancouver Canadians : RHP David Tooley
|
|
Batting: LHB Robert Ortiz
|
0-0: Ball 1-0: Called Strike 1-1: Swinging Strike 1-2: Strikes out swinging
|
|
Batting: LHB Taylor Plummer
|
0-0: Ball 1-0: Fly out, F9 (Line Drive, 4D, EV 70.6 MPH)
|
|
Batting: RHB Jeff Parlo
|
0-0: Swinging Strike 0-1: Swinging Strike 0-2: Strikes out swinging
|
| Bottom of the 6th over - 0 runs, 0 hits, 0 errors, 0 left on base; Vancouver 7 - Aberdeen 3 |
| TOP OF THE 7TH |
|
Vancouver Canadians batting - Pitching for Aberdeen Ironbirds : RHP Craig Painter
|
|
Batting: RHB John Rios
|
0-0: Swinging Strike 0-1: Ball 1-1: Ball 2-1: Called Strike 2-2: Ball 3-2: Foul Ball, location: 2F 3-2: Ground out 5-3 (Groundball, 56, EV 87.5 MPH)
|
|
Batting: RHB Bobby Roldan
|
0-0: Ball 1-0: SINGLE (Groundball, 56D, EV 96.9 MPH)
|
|
Batting: LHB Ron de Vos
|
0-0: Sac Bunt to 15S - play at first, batter OUT! 1-3 Bobby Roldan to second
|
|
Batting: RHB Jorge Alva
|
0-0: Ball 1-0: Foul Ball, location: 2F 1-1: Foul Ball, location: 2F 1-2: Strikes out swinging
|
| Top of the 7th over - 0 runs, 1 hit, 0 errors, 1 left on base; Vancouver 7 - Aberdeen 3 |
| BOTTOM OF THE 7TH |
|
Aberdeen Ironbirds batting - Pitching for Vancouver Canadians : RHP David Tooley
|
|
Pitching: RHP Mike Merriman
|
|
|
Now at 2B: Luis Reyes
|
|
|
Now in CF: Ron de Vos
|
|
|
Now in RF: Julio Canseco
|
|
|
Batting: RHB Willie Carmona
|
0-0: Called Strike 0-1: Foul Ball, location: 2F 0-2: Ball 1-2: Strikes out swinging
|
|
Batting: LHB Chris Cohen
|
0-0: Called Strike 0-1: Ball 1-1: Foul Ball, location: 2F 1-2: Strikes out swinging
|
|
Batting: RHB Dou-wan Pan
|
0-0: Ground out 5-3 (Groundball, 56, EV 80.6 MPH)
|
| Bottom of the 7th over - 0 runs, 0 hits, 0 errors, 0 left on base; Vancouver 7 - Aberdeen 3 |
| TOP OF THE 8TH |
|
Vancouver Canadians batting - Pitching for Aberdeen Ironbirds : RHP Craig Painter
|
|
Batting: RHB Jose Ontiveros
|
0-0: Called Strike 0-1: Ball 1-1: Ball 2-1: Ground out 5-3 (Groundball, 56S, EV 66.9 MPH)
|
|
Batting: RHB Akira Kubo
|
0-0: SOLO HOME RUN (Flyball, 78XD, EV 107.5 MPH), Distance : 445 ft
|
|
Batting: RHB Terry Plumley
|
0-0: Foul Ball, location: 2F 0-1: Ball 1-1: Ball 2-1: Foul Ball, location: 2F 2-2: Strikes out looking
|
|
Batting: RHB Selam Chimsima
|
0-0: Foul Ball, location: 2F 0-1: Ball 1-1: Ball 2-1: Called Strike 2-2: Reached on error, E4 (Groundball, 4, EV 87.5 MPH)
|
|
Pitching: RHP Harold Price
|
|
|
Batting: RHB Luis Reyes
|
0-0: Ball 1-0: Called Strike 1-1: Ball 2-1: Ground out 6-3 (Groundball, 6, EV 104.4 MPH)
|
| Top of the 8th over - 1 run, 1 hit, 1 error, 1 left on base; Vancouver 8 - Aberdeen 3 |
| BOTTOM OF THE 8TH |
|
Aberdeen Ironbirds batting - Pitching for Vancouver Canadians : RHP Mike Merriman
|
|
Batting: SHB Carlos Carrillo
|
0-0: Called Strike 0-1: Foul Ball, location: 2F 0-2: Strikes out swinging
|
|
Batting: RHB C.J. Wells
|
0-0: Ball 1-0: Foul Ball, location: 2F 1-1: Ball 2-1: Foul Ball, location: 2F 2-2: Strikes out swinging
|
|
Batting: LHB Xue-liang Zhou
|
0-0: Ball 1-0: Ball 2-0: Ball 3-0: Called Strike 3-1: Base on Balls
|
|
Batting: LHB Robert Ortiz
|
0-0: Swinging Strike 0-1: Called Strike 0-2: Strikes out swinging
|
| Bottom of the 8th over - 0 runs, 0 hits, 0 errors, 1 left on base; Vancouver 8 - Aberdeen 3 |
| TOP OF THE 9TH |
|
Vancouver Canadians batting - Pitching for Aberdeen Ironbirds : RHP Harold Price
|
|
Batting: RHB John Rios
|
0-0: Called Strike 0-1: Fly out, F3 (Line Drive, 3, EV 55.6 MPH)
|
|
Batting: RHB Bobby Roldan
|
0-0: Swinging Strike 0-1: Swinging Strike 0-2: Ball 1-2: Ball 2-2: Ball 3-2: Ground out 4-3 (Groundball, 4, EV 84.4 MPH)
|
|
Batting: LHB Ron de Vos
|
0-0: Fly out, F1 (Line Drive, P, EV 60.6 MPH)
|
| Top of the 9th over - 0 runs, 0 hits, 0 errors, 0 left on base; Vancouver 8 - Aberdeen 3 |
| BOTTOM OF THE 9TH |
|
Aberdeen Ironbirds batting - Pitching for Vancouver Canadians : RHP Mike Merriman
|
|
Batting: LHB Taylor Plummer
|
0-0: Called Strike 0-1: Called Strike 0-2: Ball 1-2: Strikes out swinging
|
|
Pinch Hitting: LHB Chris Barrera
|
0-0: SINGLE (Groundball, 4MD, EV 105.0 MPH)
|
|
Pinch Hitting: LHB Danny Moreno
|
0-0: Fielders Choice at 2nd, 4-6 (Groundball, 34, EV 103.8 MPH)
|
|
Batting: LHB Chris Cohen
|
0-0: Called Strike 0-1: Ball 1-1: Fly out, F7 (Line Drive, 7, EV 104.4 MPH)
|
| Bottom of the 9th over - 0 runs, 1 hit, 0 errors, 1 left on base; Vancouver 8 - Aberdeen 3 |
|